 Dungeon Crawl Stone Soup version 0.28.0-1-gb440e238dd (webtiles) character file.

Game seed: 4668999998970403838

1078 wootz the Grappler (level 8, -5/117 HPs)
             Began as a Troll Berserker on Feb 22, 2022.
             Was a Priest of Trog.
             Slain by an iguana (7 damage)
             ... on level 6 of the Dungeon.
             The game lasted 00:08:51 (4081 turns).

wootz the Grappler (Troll Berserker)                Turns: 4081, Time: 00:08:52

Health: -5/117     AC:  6    Str: 28    XL:     8   Next: 8%
Magic:  7/7        EV: 10    Int:  3    God:    Trog [***...]
Gold:   158        SH:  0    Dex:  9    Spells: 7/7 levels left

rFire   . . .      SeeInvis .     - Unarmed
rCold   . . .      Faith    .   (no shield)
rNeg    . . .      Spirit   .   j - +2 robe {Will+}
rPois   .          Reflect  .   (helmet restricted)
rElec   .          Harm     +   m - scarf {harm}
rCorr   .          Rampage  .   (gloves unavailable)
Will    +....                   (boots unavailable)
Stlth   ..........              c - amulet of the acrobat
HPRegen 1.09/turn               (no ring)
MPRegen 0.10/turn               (no ring)

@: berserking (expiring), unable to read, very quick
A: large, unfitting armour, claws 3, regeneration 1, shaggy fur 1, tough skin 1,
antennae 2, inability to read while threatened
a: Renounce Religion, Berserk, Trog's Hand


You were on level 6 of the Dungeon.
You worshipped Trog.
Trog was most pleased with you.
You visited 1 branch of the dungeon, and saw 6 of its levels.

You collected 275 gold pieces.
You spent 117 gold pieces at shops.

Inventory:

Armour
 j - a +2 robe of willpower (worn)
 m - a scarf of harm (worn)
Jewellery
 a - a ring of protection from fire
 c - an amulet of the acrobat (around neck)
 n - a ring of ice
Wands
 r - a wand of acid (2)
 t - a wand of flame (12)
Scrolls
 d - 2 scrolls of immolation
 f - 2 scrolls of torment
 h - 5 scrolls of teleportation
 k - a scroll of enchant weapon
 l - a scroll of holy word
 o - 2 scrolls of enchant armour
 q - 2 scrolls of identify
Potions
 b - a potion of cancellation {unknown}
 e - 2 potions of heal wounds
 g - a potion of curing
 i - a potion of haste {unknown}
 p - a potion of might {unknown}
 s - 2 potions of degeneration {unknown}


   Skills:
 + Level 4.0 Fighting
 + Level 4.4 Dodging
 + Level 8.0 Unarmed Combat


You had 7 spell levels left.
You didn't know any spells.
Your spell library was empty.

Dungeon Overview and Level Annotations

Branches:
Dungeon (6/15)             Temple (0/1) D:6

Altars:
Fedhas
Hepliaklqana
Kikubaaqudgha
Nemelex Xobeh
Trog
Vehumet
Yredelemnul
The Shining One

Shops:
D:4 (   D:5 (*   D:6 [


Innate Abilities, Weirdness & Mutations

You are too large for most types of armour.
You have claws for hands.
Your natural rate of healing is unusually fast.
You are covered in fur. (AC +1)
You have tough skin. (AC +1)
You have a pair of antennae on your head.
You sometimes lose the ability to read scrolls when taking damage.


Message History

An ufetubus is nearby!
You scratch the ufetubus.
You kill the ufetubus!
Trog accepts your kill.
No target in view!
No target in view!
r - a wand of acid (2)
You see here 6 poisoned darts.
q - 2 scrolls of identify (gained 1)
h - 4 scrolls of teleportation (gained 1)
h - 5 scrolls of teleportation (gained 1)
Found a spear.
There is a stone staircase leading up here.
A cyclops comes into view.
Found a scroll of identify.
A cyclops is nearby!
Found a falchion.
Found a staircase to the Ecumenical Temple.
The cyclops throws a large rock.
The large rock barely misses you.
An iguana comes into view.
The cyclops throws a large rock.
The large rock hits you!!
Ouch! That really hurt!
A red film seems to cover your vision as you go berserk!
You feel yourself moving faster!
You feel mighty!
The cyclops throws a large rock.
The large rock hits you!!
You feel threatened and lose the ability to read scrolls!
* * * LOW HITPOINT WARNING * * *
You feel a strong urge to attack something.
The cyclops misses you.
You claw the cyclops!
The cyclops is moderately wounded.
You claw the cyclops!
The cyclops is heavily wounded.
The cyclops hits you!!
* * * LOW HITPOINT WARNING * * *
You mangle the cyclops!!
You kill the cyclops!
Trog accepts your kill. The iguana bites you.
You die...

#....##########).#
#....# #..###..#
#....# ##..##..##
##.### ##..#....
######.# ##....#.
##......###
###..##
..........# #..##
#.#.#.#.#.# #....
.......@..# ##.###
#...?.l(#.# #....)
..?.......# #..###
#)..>...#.# #..#
..........#
######..###
#.......# #
#..........
.........
#..........
#.#.#.#.#
#..........
#.<........


You could see an iguana.

Vanquished Creatures
  A cyclops (D:6)
  A necrophage (D:5)
  3 ogres
  A phantom (D:6)
  2 scorpions
  A water moccasin skeleton (D:5)
  A howler monkey (D:6)
  A bullfrog zombie (D:6)
  A jelly (D:6)
  An orc priest (D:4)
  2 hounds (D:6)
  A bullfrog skeleton (D:6)
  An iguana (D:5)
  Jessica (D:3)
  2 orc wizards
  Robin (D:2)
  3 gnolls (D:2)
  5 adders
  A white imp (D:6)
  2 ufetubi
  2 dart slugs (D:1)
  10 orcs
  4 ball pythons
  7 endoplasms
  12 goblins
  8 hobgoblins
  3 jackals (D:1)
  3 kobolds
  5 quokkas
  6 bats
  4 frilled lizards
  7 rats
  A spectral orc (D:6)
104 creatures vanquished.

Vanquished Creatures (others)
  7 plants (D:5)
7 creatures vanquished.

Grand Total: 111 creatures vanquished

Notes
Turn   | Place    | Note
-------+----------+-------------------------------------------
     0 | D:1      | wootz the Troll Berserker began the quest for the Orb.
     0 | D:1      | Reached XP level 1. HP: 22/22 MP: 0/0
   203 | D:1      | Reached XP level 2. HP: 24/29 MP: 1/1
   351 | D:1      | Reached ** piety under Trog
   477 | D:1      | Reached XP level 3. HP: 36/36 MP: 2/2
   556 | D:1      | Found a faded altar of an unknown god.
   903 | D:2      | Reached skill level 4 in Unarmed Combat
   903 | D:2      | Reached XP level 4. HP: 15/45 MP: 3/3
  1282 | D:2      | Noticed Robin
  1295 | D:2      | Killed Robin
  1709 | D:3      | Found a hazy altar of Hepliaklqana.
  1738 | D:3      | Identified the +9 hand axe "Eseurph" {freeze, *Rage Will-
                  | Str+4 Int+2}
  1897 | D:3      | Reached *** piety under Trog
  1900 | D:3      | Reached XP level 5. HP: 53/53 MP: 4/4
  1930 | D:3      | Found a blossoming altar of Fedhas.
  2072 | D:3      | Noticed Jessica
  2076 | D:3      | Killed Jessica
  2303 | D:4      | Reached skill level 5 in Unarmed Combat
  2366 | D:4      | Found Ycyteiff's Antique Weapon Emporium.
  2524 | D:4      | Found an ancient bone altar of Kikubaaqudgha.
  2641 | D:4      | Reached XP level 6. HP: 33/61 MP: 5/5
  2891 | D:5      | Entered Level 5 of the Dungeon
  2949 | D:5      | Found Elylim's Neck Hole.
  2957 | D:5      | Bought a scarf of harm for 117 gold pieces
  3007 | D:5      | Found a bloodstained altar of Trog.
  3008 | D:5      | Found a sparkling altar of Nemelex Xobeh.
  3026 | D:5      | Reached skill level 6 in Unarmed Combat
  3144 | D:5      | Reached XP level 7. HP: 67/67 MP: 6/6
  3250 | D:5      | Found Zowyopio's Weapon Shoppe.
  3579 | D:6      | Reached skill level 7 in Unarmed Combat
  3599 | D:6      | Found a glowing golden altar of the Shining One.
  3614 | D:6      | Found a radiant altar of Vehumet.
  3682 | D:6      | Gained mutation: You are somewhat resistant to further
                  | mutation. [potion of mutation]
  3708 | D:6      | Found a basalt altar of Yredelemnul.
  3712 | D:6      | Lost mutation: You are somewhat resistant to further
                  | mutation. [potion of mutation]
  3712 | D:6      | Gained mutation: You have a pair of small antennae on your
                  | head. [potion of mutation]
  3713 | D:6      | Lost mutation: You have a pair of small antennae on your
                  | head. [potion of mutation]
  3713 | D:6      | Gained mutation: You sometimes lose the ability to read
                  | scrolls when taking damage. [potion of mutation]
  3713 | D:6      | Gained mutation: You have a pair of small antennae on your
                  | head. [potion of mutation]
  3713 | D:6      | Gained mutation: You have a pair of antennae on your head.
                  | [potion of mutation]
  3807 | D:6      | Reached skill level 8 in Unarmed Combat
  3807 | D:6      | Reached XP level 8. HP: 78/78 MP: 7/7
  3883 | D:6      | Found Boloriune's Armour Boutique.
  4072 | D:6      | Noticed a cyclops
  4073 | D:6      | Found a staircase to the Ecumenical Temple.
  4080 | D:6      | HP: 1/117 [cyclops (33)]
  4081 | D:6      | Killed a cyclops
  4081 | D:6      | Slain by an iguana

Illustrated notes

Levels and vault maps discovered:
D:1:      dpeg_arrival_chambers_temple_mockup, layout_loops_ring,
          shapermc_ecumenical_altar_mp_urbaneastern
D:2:      layout_loops_ring, minivault_23, hex_tiny,
          wad_floor_pattern_untrapped, uniq_robin
D:3:      layout_basic, mainiacjoe_overflow_cross_hatched,
          mainiacjoe_overflow_surrounded_room, uniq_jessica
D:4:      layout_basic, mainiacjoe_overflow_alcove_2, serial_shops,
          nicolae_shop_stone
D:5:      layout_rooms, mainiacjoe_overflow_catch_the_wave, serial_shops, shop,
          nicolae_shop_sticking_my_neck_out
D:6:      layout_rooms, yredelemnul_forgotten_temple_becter,
          vehumet_altar_wand_db, general_overflow_altar,
          minmay_temple_entry_glass, serial_shops, shop, minmay_strange_pillars,
          chequers_serial_rivers_micro_e

Skill      XL: |  1  2  3  4  5  6  7 |
---------------+----------------------+-----
Fighting       | 3 4 |  4.0
Unarmed Combat | 4 5 6 8 |  8.0
Dodging        | 3 4 |  4.4

Action                   |  1- 3 |  4- 6 |  7- 9 || total
-------------------------+-------+-------+-------++-------
Melee: Unarmed           |    90 |   123 |    49 ||   262
       Punch             |     1 |     4 |     1 ||     6
Invok: Berserk           |       |     5 |     5 ||    10
  Use: Scroll            |       |     3 |     6 ||     9
       Potion            |       |     3 |     3 ||     6
 Stab: Sleeping          |     3 |       |       ||     3
Armor: Animal skin       |    23 |     7 |       ||    30
       Robe              |       |    26 |    10 ||    36
Dodge: Dodged            |    43 |    52 |    20 ||   115
